 Dungeon Crawl Stone Soup version 0.30-b1-2-g02819fbbbe (webtiles) character file.

Game seed: 4948368887045060310

856 HeadshotHenkie the Chopper (level 7, -2/57 (62) HPs)
             Began as a Minotaur Berserker on Nov 26, 2023.
             Was a Believer of Trog.
             Slain by a wight
             ... wielding a +4 long sword
              (15 damage)
             ... on level 5 of the Dungeon.
             The game lasted 00:43:21 (5667 turns).

HeadshotHenkie the Chopper (Minotaur Berserker)     Turns: 5667, Time: 00:43:22

HP:   -2/57 (62)    AC: 17    Str: 23    XL:     7   Next: 70%
MP:   6/6           EV: 13    Int:  4    God:    Trog [**....]
Gold: 129           SH:  0    Dex: 10    Spells: 6/6 levels left

rFire   . . .        u - +3 whip (venom)
rCold   . . .        (no shield)
rNeg    . . .        t - +0 plate armour
rPois   .            (helmet restricted)
rElec   .            (no cloak)
rCorr   .            k - +1 pair of gloves
SInv    .            l - +1 pair of boots
Will    .....        (no amulet) Stlth
                     v - +5 ring of evasion
HPRegen 0.29/turn    (no ring)
MPRegen 0.10/turn

%: no passive effects
@: on berserk cooldown, slowed, drained, very slow
A: horns 2, retaliatory headbutt
a: Renounce Religion, Berserk, Trog's Hand


You were on level 5 of the Dungeon.
You worshipped Trog.
Trog was pleased with you.
You visited 1 branch of the dungeon, and saw 5 of its levels.

You collected 129 gold pieces.

Inventory:

Hand Weapons
 a - a +0 hand axe
 e - a +0 dagger
 u - a +3 whip of venom (weapon)
Missiles
 f - 6 poisoned darts
 q - 6 boomerangs of dispersal (quivered)
Armour
 b - a +0 animal skin
 d - a +0 leather armour
 k - a +1 pair of gloves (worn)
 l - a +1 pair of boots (worn)
 m - a +0 ring mail
 t - a +0 plate armour (worn)
Magical Staves
 p - a staff of fire
Jewellery
 r - a ring of fire
 s - a ring of ice
 v - a +5 ring of evasion (left hand)
Scrolls
 w - 2 scrolls of fog
Potions
 c - 4 potions of curing
 g - a potion of berserk rage
 h - a potion of might {unknown}
 i - 2 potions of haste {unknown}
 j - 2 potions of attraction {unknown}
 n - 2 potions of brilliance
 o - a potion of mutation {unknown}


   Skills:
 + Level 5.7 Fighting
 + Level 6.9(7.0) Axes
 + Level 1.1(4.5) Maces & Flails
 + Level 6.0 Armour
 + Level 4.0 Dodging
 + Level 1.7 Stealth


You had 6 spell levels left.
You didn't know any spells.
Your spell library contained the following spells:

 Spells                   Type           Power      Damage    Failure   Level
 Magic Dart               Conj           0%         1d3       100%        1
 Slow                     Hex            0%         N/A       100%        1
 Call Imp                 Summ           0%         N/A       100%        2
 Confusing Touch          Hex            0%         N/A       100%        3
 Mephitic Cloud           Conj/Pois/Air  0%         N/A       100%        3
 Vampiric Draining        Necr           0%         2d6       100%        3


Dungeon Overview and Level Annotations

Branches:
Dungeon (5/15)
 Temple: D:4-7

Altars:

Shops:
D:3 ?   D:4 =


Innate Abilities, Weirdness & Mutations

You have a pair of horns on your head.
You reflexively headbutt those who attack you in melee.


Message History

Your Dodging skill increases to level 4!
You hit the wight. Your headbutt misses the wight.
The wight is moderately damaged.
The wight hits you with a +1 flail!
You feel drained.
You whack the wight!
You destroy the wight!
Trog accepts your kill.
Your life force feels restored.
Your Armour skill increases to level 6!
Things that are here:
a +5 dagger; a +0 robe You feel a strong urge to attack something.
You are no longer berserk.
You are exhausted.
You feel yourself slow down.
You hit the wight.
You headbutt the wight, but do no damage.
The wight is lightly damaged.
The wight hits you with a +4 long sword.
You feel drained. The wight attacks as you move away!
The wight hits you with a +4 long sword!
The wight hits you with a +4 long sword!
You feel drained.
As you read the scroll of fog, it crumbles to dust.
The scroll dissolves into smoke.
The wight hits you with a +4 long sword.
You feel drained.
The wight hits you with a +4 long sword!
* * * LOW HITPOINT WARNING * * *
You feel drained.
* * * LOW HITPOINT WARNING * * *
The wight barely misses you. The wight attacks as you move away!
The wight hits you with a +4 long sword.
* * * LOW HITPOINT WARNING * * *
The wight barely misses you. You furiously retaliate!
You headbutt the wight. The wight barely misses you.
The wight hits you with a +4 long sword!
You die...

#.# #.# #. #.# # #.
#.# #. #. #.#
###.##. #.# .......
#.# ## ....... #.#
..
......)#########@#.#
#...).§§§§§§§zz..#
####.##########.##
#. ..# .. .... #.#
..### #. ..# #. #.#
.. .#


You could see 2 wights.

Vanquished Creatures
  Sigmund (D:4)
  Eustachio (D:4)
  An ogre (D:4)
  3 wights (D:5)
  3 orc priests (D:4)
  2 iguanas
  Jessica (D:2)
  An orc wizard (D:4)
  5 adders
  2 dart slugs (D:1)
  5 orcs
  4 bats
  7 endoplasms
  2 giant cockroaches
  8 goblins
  11 hobgoblins
  5 kobolds
  A quokka (D:2)
  9 ball pythons
  2 frilled lizards (D:1)
  3 rats
77 creatures vanquished.

Vanquished Creatures (others)
  6 plants (D:3)
6 creatures vanquished.

Grand Total: 83 creatures vanquished

Notes
Turn   | Place    | Note
-------+----------+-------------------------------------------
     0 | D:1      | HeadshotHenkie the Minotaur Berserker began the quest for
                  | the Orb.
     0 | D:1      | Reached XP level 1. HP: 19/19 MP: 0/0
    50 | D:1      | Reached XP level 2. HP: 13/27 MP: 1/1
   651 | D:1      | Reached XP level 3. HP: 33/33 MP: 2/2
  1504 | D:2      | Noticed Jessica
  1524 | D:2      | Killed Jessica
  1919 | D:1      | You fall into a shaft and drop 1 floor!
  1934 | D:2      | Reached XP level 4. HP: 41/41 MP: 3/3
  2168 | D:2      | Reached ** piety under Trog
  3037 | D:3      | Found Zuckit's Magic Scroll Boutique.
  3481 | D:4      | Reached skill level 5 in Axes
  3492 | D:4      | Reached XP level 5. HP: 47/47 MP: 4/4
  3610 | D:4      | Noticed an ogre
  4067 | D:4      | Noticed Eustachio
  4236 | D:4      | Killed an ogre
  4237 | D:4      | Reached skill level 5 in Fighting
  4237 | D:4      | Reached skill level 1 in Stealth
  4237 | D:4      | Reached XP level 6. HP: 56/56 MP: 5/5
  4435 | D:4      | Found Puefid's Jewellery Boutique.
  4809 | D:4      | Noticed Sigmund
  5060 | D:4      | Killed Eustachio
  5162 | D:4      | Killed Sigmund
  5163 | D:4      | Reached skill level 5 in Armour
  5163 | D:4      | Reached XP level 7. HP: 59/61 MP: 6/6
  5447 | D:5      | Entered Level 5 of the Dungeon
  5653 | D:5      | Reached skill level 1 in Maces & Flails
  5667 | D:5      | Slain by a wight

Illustrated notes

Levels and vault maps discovered:
D:1:      spicycebolla_green_bress_n_ham, layout_basic, chequers_mini_garden,
          due_unseen_surprise
D:2:      layout_loops_ring, uniq_jessica
D:3:      cheibrodos_old_hovel, layout_rooms, serial_shops, shop
D:4:      layout_loops_cross, serial_shops, shop, supply_closet_lemuel,
          uniq_sigmund, uniq_eustachio
D:5:      layout_basic, mainiacjoe_overflow_surrounded_room,
          nicolae_overflow_two_pavilions

Skill      XL: |  1  2  3  4  5  6  7 |
---------------+----------------------+-----
Fighting       | 4 5 |  5.7
Axes           | 4 5 6 |  6.9
Dodging        | 3 4 |  4.0
Armour         | 3 5 6 |  6.0
Stealth        | 1 |  1.7
Maces & Flails | 1 |  1.1

Action                     |  1- 3 |  4- 6 |  7- 9 || total
---------------------------+-------+-------+-------++-------
  Melee: Hand axe          |    68 |    74 |       ||   142
         Headbutt          |     9 |    17 |     6 ||    32
         Punch             |       |     1 |       ||     1
         Whip              |       |    14 |    31 ||    45
 Invoke: Berserk           |     1 |     5 |     1 ||     7
    Use: Scroll            |     2 |     5 |     3 ||    10
         Potion            |       |     2 |       ||     2
 Armour: Leather armour    |    13 |     6 |       ||    19
         Animal skin       |     2 |       |       ||     2
         Ring mail         |       |    32 |       ||    32
         Skin              |       |     1 |       ||     1
         Plate armour      |       |    15 |    10 ||    25
  Dodge: Dodged            |    32 |    67 |    10 ||   109
